Description

Defend with mass Ling and Queens, build hydra to Ultra

Replay - Catalyst LE (TvZ) Bio, ling Queen to Hydra Ultra spawning tool to 7 min

Build Order

Get SALT Encoding   

  12  0:00  Drone  
  13  0:13  Overlord  
  13  0:17  Drone  
  14  0:31  Drone x3  
  17  0:52  Hatchery  
  17  0:55  Drone x2  
  18  1:08  Extractor  
  17  1:12  Spawning Pool  
  17  1:16  Drone x2  
  18  1:29  Drone  
  19  1:39  Overlord  
  20  1:59  Queen x2  
  23  2:01  Zergling x4  
  26  2:11  Metabolic Boost  
  31  2:39  Hatchery  
  31  2:47  Overlord  
  34  3:08  Queen  
  34  3:09  Overlord  
  47  3:44  Evolution Chamber x2  
  49  3:53  Queen  
  54  4:01  Overlord  
  54  4:02  Queen  
  57  4:10  Zerg Melee Weapons Level 1  
  57  4:16  Zerg Ground Armor Level 1  
  66  4:32  Zergling x6  
  66  4:38  Queen  
  71  4:50  Zergling x10  
  79  4:57  Extractor x2  
  79  5:02  Lair  
  83  5:19  Extractor  
  94  5:44  Extractor x2  
  93  5:52  Hatchery x2  
  95  6:03  Hydralisk Den  
  96  6:05  Hatchery  
  96  6:06  Zerg Melee Weapons Level 2  
  96  6:07  Baneling Nest  
  97  6:12  Zerg Ground Armor Level 2  
  108  6:40  Infestation Pit  
  108  6:42  Muscular Augments  
  109  6:49  Hydralisk x3  
  115  6:55  Hydralisk x3  
  126  7:11  Hydralisk x4  
  148  7:34  Hive  
  161  7:53  Grooved Spines, Centrifical Hooks  
  183  8:23  Extractor x2  
  181  8:54  Ultralisk Cavern  
  180  8:55  Baneling x7  
  199  9:28  Hatchery  
  198  9:35  Hatchery  
Spawning Tool Build Advisor. Get it on Overwolf

Go to:

Details

  • Created by: silverhorn  
  • Published on: Aug 02, 2018
  • Modified on: Aug 02, 2018
  • Patch: 4.0.0
Show
View Real Time Build Order
Export as new Build Order

Comments (0)

There are no comments. Be the first!

Create an account to comment!